 Dungeon Crawl Stone Soup version 0.18.1-8-gdd0e5ea (webtiles) character file.

296 juanjsm the Changer (level 6, 0/38 HPs)
             Began as an Octopode Transmuter on June 8, 2016.
             Was a Believer of Cheibriados.
             Slain by Duvessa
             ... wielding a +0 short sword
              (7 damage)
             ... on level 5 of the Dungeon.
             The game lasted 00:11:13 (2664 turns).

juanjsm the Changer (Octopode Transmuter)           Turns: 2664, Time: 00:11:13

Health: 0/38       AC:  2    Str: 13    XL:     6   Next: 34%
Magic:  6/9        EV: 20    Int: 21    God:    Cheibriados [**....]
Gold:   110        SH:  0    Dex: 22    Spells: 3 memorised, 1 level left

rFire  . . .     SeeInvis .       - Unarmed
rCold  + . .     Gourm    .     (shield currently unavailable)
rNeg   . . .     Faith    .     (helmet currently unavailable)
rPois  x         Spirit   .     (no amulet)
rElec  .         Dismiss  .     n - ring of protection from cold
rCorr  .         Reflect  .     (no ring)
SustAt .         Harm     .     (no ring)
MR     .....                    (no ring)
Stlth  ++........               (no ring)
                                (no ring)
                                (no ring)
                                (no ring)

@: spider-form, very slow, not resistant to hostile enchantments, unstealthy
A: almost no armour, (amphibious), 8 rings, (constrict 8), (camouflage 0),
(gelatinous body 0)
a: End Transformation, Bend Time, Renounce Religion


You were on level 5 of the Dungeon.
You worshipped Cheibriados.
Cheibriados was pleased with you.
You were not hungry.
You were a venomous arachnid creature.
You visited 1 branch of the dungeon, and saw 5 of its levels.

You collected 110 gold pieces.

Inventory:

Hand Weapons
 s - a +0 hunting sling
Missiles
 a - 66 arrows
Jewellery
 n - a ring of protection from cold (left front leg)
Scrolls
 g - 3 scrolls of teleportation {unknown}
 i - 2 scrolls of amnesia {unknown}
 k - 2 scrolls of remove curse {unknown}
 o - 2 scrolls of identify {unknown}
 r - a scroll of blinking {unknown}
Potions
 d - a potion of heal wounds {unknown}
 e - a potion of haste {unknown}
 f - a potion of degeneration {unknown}
 h - a potion of ambrosia {unknown}
 j - 5 potions of curing
 p - a potion of agility {unknown}
 u - 2 potions of might {unknown}
 v - a potion of cancellation {unknown}
Books
 b - a book of Changes

   Spells                             Type                      Level
   a - Beastly Appendage              Transmutation                1
   b - Sticks to Snakes               Transmutation                2
   c - Spider Form                    Transmutation/Poison         3
   d - Ice Form                       Ice/Transmutation            4
   e - Blade Hands                    Transmutation                5
Comestibles
 c - 3 bread rations
 l - 2 fruits
 m - a beef jerky
 q - 2 chunks of flesh
 t - a slice of pizza


   Skills:
 - Level 1.1 Fighting
 - Level 2.1 Dodging
 - Level 0.8 Stealth
 - Level 3.7 Unarmed Combat
 - Level 2.0 Spellcasting
 + Level 5.1 Transmutations
 * Level 2.9 Invocations


You had one spell level left.
You knew the following spells:

 Your Spells              Type           Power        Failure   Level  Hunger
a - Beastly Appendage     Trmt           ###...       8%          1    #......
b - Spider Form           Trmt/Pois      ##........   36%         3    ###....
c - Ice Form              Ice/Trmt       ##......     75%         4    #####..


Dungeon Overview and Level Annotations

Branches:
Dungeon (5/15)
 Temple: D:4-7

Altars:
Cheibriados
Dithmenos
Nemelex Xobeh
Sif Muna
Trog

Shops:
D:4 (

Annotations:
D:5 Duvessa


Innate Abilities, Weirdness & Mutations

You cannot wear most types of armour.
((You are amphibious.))
You can wear up to eight rings at the same time.
((You can use your tentacles to constrict eight enemies at once.))
((Your skin changes colour to match your surroundings (Stealth).))
((Your rubbery body absorbs attacks (AC +1).))


Message History

Your tentacle spike disappears.
You see here a brown potion.
v - a brown potion Duvessa hits you with a short sword!
* * * LOW HITPOINT WARNING * * *
Casting: Beastly Appendage
Confirm with . or Enter, or press ? or * to list all spells.
You turn into a venomous arachnid creature.
Duvessa hits you with a short sword.
* * * LOW HITPOINT WARNING * * *
You bite Duvessa!
Duvessa is poisoned.
Duvessa is moderately wounded.
Duvessa closely misses you.
You hit Duvessa but do no damage.
Duvessa looks even sicker.
Duvessa is moderately wounded.
Duvessa barely misses you.
You closely miss Duvessa.
Duvessa is moderately wounded.
Duvessa hits you with a short sword!
You die...

##########
#.........
#e# #s#
#.###
#<[.#
###.# .# .
.# #


You could see Duvessa.

Vanquished Creatures
  An ogre (D:3)
  2 worker ants (D:4)
  10 adders
  A howler monkey skeleton (D:4)
  3 worms (D:3)
  4 dart slugs
  3 giant geckos
  2 orcs (D:3)
  2 giant cockroaches
  3 goblins
  7 hobgoblins
  A quokka (D:4)
  2 ball pythons (D:3)
  7 bats
  2 giant newts
  4 kobolds
  6 rats
60 creatures vanquished.

Notes
Turn   | Place    | Note
--------------------------------------------------------------
     0 | D:1      | juanjsm the Octopode Transmuter began the quest for the Orb.
     0 | D:1      | Reached XP level 1. HP: 13/13 MP: 3/3
   298 | D:1      | Reached XP level 2. HP: 15/18 MP: 5/5
   602 | D:2      | Reached XP level 3. HP: 15/23 MP: 4/6
   607 | D:2      | Learned a level 3 spell: Spider Form
   623 | D:2      | Found a snail-covered altar of Cheibriados.
   635 | D:2      | Became a worshipper of Cheibriados the Contemplative
   796 | D:2      | Reached skill level 3 in Transmutations
   796 | D:2      | Reached XP level 4. HP: 15/28 MP: 7/7
  1142 | D:3      | Reached * piety under Cheibriados
  1175 | D:3      | Found a shadowy altar of Dithmenos.
  1186 | D:4      | Found a bloodstained altar of Trog.
  1594 | D:3      | Found a deep blue altar of Sif Muna.
  1705 | D:3      | Found a sparkling altar of Nemelex Xobeh.
  1718 | D:3      | Reached skill level 1 in Invocations
  1797 | D:3      | Reached skill level 4 in Transmutations
  1797 | D:3      | Reached XP level 5. HP: 26/33 MP: 6/8
  1897 | D:3      | Noticed an ogre
  1904 | D:3      | Killed an ogre
  2107 | D:3      | Reached ** piety under Cheibriados
  2200 | D:3      | Learned a level 4 spell: Ice Form
  2247 | D:4      | Reached XP level 6. HP: 29/38 MP: 7/9
  2629 | D:4      | Reached skill level 5 in Transmutations
  2633 | D:4      | Found Caaciale's Weapon Emporium.
  2655 | D:5      | Entered Level 5 of the Dungeon
  2658 | D:5      | Noticed Duvessa
  2664 | D:5      | Slain by Duvessa

Skill      XL: |  1  2  3  4  5  6 |
---------------+-------------------+-----
Transmutations | 3 4 5 |  5.1
Invocations    | 1 2 |  2.9
Fighting       | |  1.1
Dodging        | |  2.1
Stealth        | |  0.8
Unarmed Combat | |  3.7
Spellcasting   | |  2.0

Action                   |  1- 3 |  4- 6 || total
-------------------------+-------+-------++-------
Melee: Unarmed           |    51 |    88 ||   139
       Kick              |    15 |    28 ||    43
       Tentacles         |     4 |    14 ||    18
       Constrict         |    13 |    20 ||    33
       Punch             |       |     3 ||     3
 Cast: Beastly Appendage |    14 |    19 ||    33
       Spider Form       |       |     3 ||     3
  Use: Potion            |       |     1 ||     1
 Stab: Sleeping          |     6 |    12 ||    18
  Eat: Chunk             |       |     4 ||     4
Armor: Skin              |     4 |    11 ||    15
Dodge: Dodged            |    29 |    60 ||    89
